 Dungeon Crawl Stone Soup version 0.29-a0-551-gffc1d7fb78 (webtiles) character file.

Game seed: 7633765278341269469

182 NateTC the Chopper (level 5, 0/45 HPs)
             Began as a Hill Orc Fighter on June 5, 2022.
             Slain by a yak (13 damage)
             ... on level 4 of the Dungeon.
             The game lasted 00:02:47 (3674 turns).

NateTC the Chopper (Hill Orc Fighter)               Turns: 3674, Time: 00:02:47

Health: 0/45       AC:  8    Str: 21    XL:     5   Next: 61%
Magic:  5/5        EV:  9    Int:  8    God:
Gold:   130        SH:  0    Dex: 10    Spells: 4/4 levels left

rFire   . . .      SeeInvis .   a - +0 war axe
rCold   . . .      Faith    .   c - +0 buckler
rNeg    . . .      Spirit   .   b - +0 scale mail
rPois   .          Reflect  .   (no helmet)
rElec   .          Harm     .   (no cloak)
rCorr   .          Rampage  .   (no gloves)
Will    .....                   f - +0 pair of boots
Stlth   ..........              (no amulet)
HPRegen 0.15/turn               (no ring)
MPRegen 0.09/turn               (no ring)

@: confused, ambrosia-drunk, studying Slings
A: no striking features
a: no special abilities


You were on level 4 of the Dungeon.
You visited 1 branch of the dungeon, and saw 4 of its levels.

You collected 130 gold pieces.

Inventory:

Hand Weapons
 a - a +0 war axe (weapon)
Armour
 b - a +0 scale mail (worn)
 c - a +0 buckler (worn)
 f - a +0 pair of boots (worn)
Wands
 e - a wand of digging (4)
Scrolls
 g - 2 scrolls of teleportation
 h - a scroll of blinking
 i - a scroll of identify
Potions
 d - a potion of might
 j - a potion of mutation {unknown}
 k - a potion of cancellation


   Skills:
 - Level 3.6 Fighting
 * Level 7.5 Axes
 - Level 3.2 Armour
 - Level 3.2 Shields


You had 4 spell levels left.
You didn't know any spells.
Your spell library was empty.

Dungeon Overview and Level Annotations

Branches:
Dungeon (4/15)
 Temple: D:4-7

Altars:
The Shining One

Shops:
D:3 *


Message History

The orc shouts!
An orc is nearby!
A yak comes into view.
A yak comes into view.
Found 4 gold pieces.
The yak bellows! x2 2 yaks come into view.
The yak bellows! x2
The orc closely misses you.
You slash the orc!
You kill the orc!
Found a silvery potion.
The yak completely misses you.
Things that are here:
a +0 dagger; an orc corpse You hit the yak.
The yak is lightly wounded.
You slash the yak! The yak closely misses you. The yak gores you.
You hit the yak.
The yak is moderately wounded.
You closely miss the yak. The yak gores you! The yak gores you.
You closely miss the yak.
The yak is moderately wounded.
You hit the yak. You barely miss the yak.
The yak gores you but does no damage. x2
You hit the yak.
The yak is moderately wounded.
You hit the yak. You barely miss the yak. You hit the yak.
The yak closely misses you. The yak gores you! x2
* * * LOW HITPOINT WARNING * * *
The yak gores you.
* * * LOW HITPOINT WARNING * * *
The yak attacks as you move away! The yak barely misses you.
The yak attacks as you move away! The yak barely misses you.
The yak closely misses you.
You are confused.
You feel invigorated. The yak closely misses you.
You're too confused to move!
The yak gores you.
* * * LOW HITPOINT WARNING * * *
The yak closely misses you. The yak gores you!
You die...

.........# .........#
.........# .........#
#+#. $........#!...#
.......Y......#
#.....#.......Y#
#............YY#
#.......######@#####
#..................#
#.................#
#.................#
#.................#
#.................####
####.........)........
##.........##......
########.>##..#..........


You could see 4 yaks.

Vanquished Creatures
  A necrophage (D:3)
  A gnoll (D:1)
  2 adders
  3 worms (D:2)
  2 dart slugs
  2 orcs
  4 endoplasms
  3 giant cockroaches
  8 goblins
  9 hobgoblins
  7 jackals
  8 kobolds
  2 quokkas
  2 ball pythons
  5 bats
  4 frilled lizards
  5 rats
68 creatures vanquished.

Vanquished Creatures (others)
  6 plants (D:2)
6 creatures vanquished.

Grand Total: 74 creatures vanquished

Notes
Turn   | Place    | Note
-------+----------+-------------------------------------------
     0 | D:1      | NateTC the Hill Orc Fighter began the quest for the Orb.
     0 | D:1      | Reached XP level 1. HP: 19/19 MP: 1/1
    94 | D:1      | Reached skill level 3 in Axes
   291 | D:1      | Reached XP level 2. HP: 26/26 MP: 2/2
   449 | D:1      | Reached skill level 4 in Axes
   538 | D:1      | Found a faded altar of an unknown god.
   680 | D:1      | Reached XP level 3. HP: 19/31 MP: 3/3
   934 | D:1      | Reached skill level 5 in Axes
  1450 | D:2      | Reached XP level 4. HP: 39/39 MP: 4/4
  1920 | D:2      | Reached skill level 6 in Axes
  2919 | D:3      | Found Riaxzuco's General Store.
  2959 | D:3      | Noticed a necrophage
  2966 | D:3      | Killed a necrophage
  2967 | D:3      | Reached skill level 7 in Axes
  2967 | D:3      | Reached XP level 5. HP: 41/45 MP: 5/5
  3167 | D:3      | Found a glowing golden altar of the Shining One.
  3662 | D:4      | Noticed a yak
  3663 | D:4      | Noticed a yak
  3664 | D:4      | Noticed a yak
  3664 | D:4      | Noticed a yak
  3674 | D:4      | Slain by a yak

Illustrated notes

Levels and vault maps discovered:
D:1:      sevenhm_arrival_forest_fort_small_3, layout_basic,
          ebering_ecumenical_altar_webs
D:2:      layout_basic, serial_bayou_pond_c
D:3:      layout_rooms, general_overflow_altar, serial_aquarium,
          aquarium_bridge_straight [aquarium_subvault_bridge,
          aquarium_subvault_wall, aquarium_subvault_bridge,
          aquarium_subvault_window], aquarium_window_1, aquarium_window_corner,
          aquarium_window_fake, aquarium_window_corridor_2, aquarium_view_2a,
          aquarium_balcony_double_4, aquarium_pool_four, serial_shops, shop,
          st_stairs_3, minmay_misc_feat_rows, chequers_serial_rivers_large_a
D:4:      layout_basic, kennysheep_mini_moat

Skill      XL: |  1  2  3  4 |
---------------+-------------+-----
Axes           | 3 4 5 7 |  7.5
Fighting       | |  3.6
Armour         | |  3.2
Shields        | |  3.2

Action                   |  1- 3 |  4- 6 || total
-------------------------+-------+-------++-------
Melee: War axe           |    99 |    96 ||   195
  Use: Scroll            |     3 |     5 ||     8
       Potion            |       |     1 ||     1
Armor: Scale mail        |    40 |    53 ||    93
Dodge: Dodged            |    41 |    42 ||    83
Block: Buckler           |    27 |    18 ||    45

Table legend: (Time is in decaauts)
 A = Elapsed time spent in this place.
 B = Non-inter-level travel time spent in this place.
 C = Inter-level travel time spent in this place.
 D = Time resting spent in this place.
 E = Time spent auto-exploring this place.
 F = Levels seen in this place.
 G = Mean time per level.
                   A        B        C        D        E       F      G
               +--------+--------+--------+--------+--------+-----+--------+
         Total |   3744 |   3614 |    130 |    643 |   2484 |   4 |  936.0 |
       Dungeon |   3744 |   3614 |    130 |    643 |   2484 |   4 |  936.0 |
               +--------+--------+--------+--------+--------+-----+--------+

Top non-repeatable levels by time:
     D:2: 1524 daAuts
     D:1: 1235 daAuts
     D:3: 935 daAuts
     D:4: 48 daAuts
